 Dungeon Crawl Stone Soup version 0.21-a0-528-gf531e82 (webtiles) character file.

363 Dawnplanks the Shield-Bearer (level 6, -3/52 HPs)
             Began as a Minotaur Fighter on Dec 8, 2017.
             Slain by Dawnplanks's ghost (12 damage)
             ... on level 3 of the Dungeon.
             The game lasted 00:05:55 (1982 turns).

Dawnplanks the Shield-Bearer (Minotaur Fighter)     Turns: 1982, Time: 00:05:55

Health: -3/52      AC:  7    Str: 20    XL:     6   Next: 39%
Magic:  5/5        EV:  8    Int:  5    God:
Gold:   123        SH: 10    Dex: 12    Spells: 5/5 levels left

rFire    . . .     SeeInvis .   j - +0 hand axe (venom)
rCold    . . .     Gourm    .   c - +0 shield
rNeg     . . .     Faith    .   b - +0 scale mail
rPois    .         Spirit   .   (helmet restricted)
rElec    .         Reflect  .   (no cloak)
rCorr    .         Harm     .   (no gloves)
MR       .....                  (no boots)
Stlth    ..........             (no amulet)
HPRegen  0.17/turn              (no ring)
MPRegen  0.09/turn              (no ring)

@: lethally poisoned (-3 -> -8)
A: retaliatory headbutt, horns 2
a: no special abilities


You were on level 3 of the Dungeon.
You were hungry.

You visited 1 branch of the dungeon, and saw 4 of its levels.

You collected 123 gold pieces.

Inventory:

Hand Weapons
 a - a +0 war axe
 j - a +0 hand axe of venom (weapon)
Armour
 b - a +0 scale mail (worn)
 c - a +0 shield (worn)
Scrolls
 g - a scroll of fear {unknown}
 i - a scroll of amnesia {unknown}
 k - 2 scrolls of identify {unknown}
 l - a scroll of enchant armour {unknown}
 m - 4 scrolls of fog {unknown}
 o - 3 scrolls of teleportation {unknown}
 p - a scroll of random uselessness {unknown}
 q - a scroll of magic mapping {unknown}
 u - a scroll of enchant weapon {unknown}
 v - a scroll of blinking {unknown}
Potions
 e - a potion of lignification {unknown}
 n - 2 potions of curing {unknown}
 s - 3 potions of heal wounds {unknown}
 t - a potion of degeneration {unknown}
 z - a potion of berserk rage {unknown}
Comestibles
 f - 4 bread rations
 h - 3 royal jellies
 r - 4 fruits
 w - a meat ration


   Skills:
 + Level 4.3 Fighting
 + Level 5.1 Axes
 + Level 5.2 Armour
 + Level 1.8 Dodging
 + Level 0.6 Stealth
 + Level 5.2 Shields


You had 5 spell levels left.
You didn't know any spells.

Dungeon Overview and Level Annotations

Branches:
Dungeon (4/15)
 Temple: D:4-7

Altars:
Xom
Yredelemnul

Annotations:
D:3 Dawnplanks's ghost, amateur MiFi; Grinder
D:4 Raine357's ghost, amateur DrFi


Innate Abilities, Weirdness & Mutations

You reflexively headbutt those who attack you in melee.
You have a pair of horns on your head.


Message History

Dawnplanks's ghost is moderately damaged.
You feel sick. Dawnplanks's ghost hits you!
You barely miss Dawnplanks's ghost. You headbutt Dawnplanks's ghost!
Dawnplanks's ghost is heavily damaged.
You block Dawnplanks's ghost's attack.
You hit Dawnplanks's ghost.
Dawnplanks's ghost is heavily damaged.
You feel sick. You block Dawnplanks's ghost's attack.
You hit Dawnplanks's ghost. You headbutt Dawnplanks's ghost.
Dawnplanks's ghost is severely damaged.
You feel sick. Dawnplanks's ghost hits you!
* * * LOW HITPOINT WARNING * * *
You barely miss Dawnplanks's ghost. You headbutt Dawnplanks's ghost.
Dawnplanks's ghost is severely damaged.
You feel sick. Dawnplanks's ghost hits you.
* * * LOW HITPOINT WARNING * * *
You slash Dawnplanks's ghost!
Dawnplanks's ghost is almost destroyed.
Dawnplanks's ghost hits you!
You die...

.# #######.# #.......#
#.......# #..)....# ##..
#.>.....# #...
#####..(....# ###..)
.(......W...## #.#...
########@#...# #.##..
##....)...# #..... #
##....(#..####+###..... ..
#..(##(....#.....#).... ..
#)#..5..............#..
#.###.#g..###.##.....#.###.
..#.....(K.## #.####'###.#
## .....#..(### #..
#...##.# # .....$.....#
#..##§.§##.#


You could see Grinder and Dawnplanks's ghost.

Vanquished Creatures
  Sigmund (D:3)
  A crimson imp (D:2)
  Natasha (thrice) (D:2)
  2 adders (D:2)
  3 oozes
  3 worms (D:2)
  3 dart slugs (D:1)
  2 orcs (D:3)
  A giant cockroach (D:1)
  6 goblins
  4 hobgoblins (D:1)
  2 jackals (D:1)
  2 quokkas (D:2)
  A ball python (D:1)
  11 bats
  2 frilled lizards
  6 kobolds
  7 rats
60 creatures vanquished.

Notes
Turn   | Place    | Note
-------+----------+-------------------------------------------
     0 | D:1      | Dawnplanks the Minotaur Fighter began the quest for the Orb.
     0 | D:1      | Reached XP level 1. HP: 19/19 MP: 0/0
   147 | D:1      | Reached XP level 2. HP: 27/27 MP: 1/1
   443 | D:1      | Reached XP level 3. HP: 33/33 MP: 2/2
   913 | D:2      | Reached XP level 4. HP: 38/40 MP: 3/3
  1304 | D:2      | Noticed Natasha
  1313 | D:2      | Killed Natasha
  1313 | D:2      | Reached skill level 1 in Dodging
  1313 | D:2      | Reached XP level 5. HP: 41/46 MP: 4/4
  1405 | D:2      | Found a shimmering altar of Xom.
  1531 | D:2      | Noticed Natasha
  1536 | D:2      | Killed Natasha
  1628 | D:2      | Noticed Natasha
  1630 | D:2      | Killed Natasha
  1674 | D:3      | Found a basalt altar of Yredelemnul.
  1690 | D:3      | Noticed Sigmund
  1698 | D:3      | Noticed Grinder
  1699 | D:3      | Noticed Dawnplanks's ghost (amateur MiFi)
  1699 | D:3      | Killed Sigmund
  1699 | D:3      | Reached skill level 5 in Axes
  1699 | D:3      | Reached skill level 5 in Armour
  1699 | D:3      | Reached skill level 5 in Shields
  1699 | D:3      | Reached XP level 6. HP: 41/52 MP: 5/5
  1968 | D:4      | Noticed Raine357's ghost (amateur DrFi)
  1982 | D:3      | Slain by Dawnplanks's ghost

Vault maps used:
D:1:      lightli_arrival_chessboard, amethyst_killhole
D:2:      nicolae_overflow_hidden_temple, uniq_natasha
D:3:      grunt_temple_overflow_holy_war, uniq_grinder, uniq_sigmund,
          uniq_terence
D:4:      first_bread, eino_small_chamber_without_monster,
          kennysheep_okawaru_gauntlet

Skill      XL: |  1  2  3  4  5 |
---------------+----------------+-----
Shields        | 4 5 |  5.2
Armour         | 4 5 |  5.2
Axes           | 3 4 5 |  5.1
Fighting       | 4 |  4.3
Dodging        | 1 |  1.8
Stealth        | |  0.6

Action                   |  1- 3 |  4- 6 || total
-------------------------+-------+-------++-------
Melee: War axe           |    38 |       ||    38
       Headbutt          |    13 |    22 ||    35
       Hand axe          |    40 |    67 ||   107
  Use: Potion            |       |     1 ||     1
  Eat: Chunk             |       |     3 ||     3
Armor: Scale mail        |    25 |     9 ||    34
Dodge: Dodged            |    34 |    19 ||    53
Block: Shield            |    40 |    40 ||    80

Table legend:
 A = Spawn XP
 B = Non-spawn XP
 C = Spawn XP percentage of total XP
 D = Spawn monster count
 E = Non-spawn monster count
 F = Spawn count percentage of total count
 G = Total turns spent on level
                    A         B        C        D         E        F      G
               +---------+---------+-------+---------+---------+-------+---------
         Total |       0 |     519 |   0.0 |       0 |      60 |   0.0 |  1982
               +---------+---------+-------+---------+---------+-------+---------
           D:1 |       0 |      62 |   0.0 |       0 |      35 |   0.0 |   901
           D:2 |       0 |     208 |   0.0 |       0 |      17 |   0.0 |   736
           D:3 |       0 |     249 |   0.0 |       0 |       8 |   0.0 |    90
               +---------+---------+-------+---------+---------+-------+---------
